 Dungeon Crawl Stone Soup version 0.30-a0-800-g7c544603b3 (webtiles) character file.

Game seed: 343736580485112109

119 DskReedErrur the Sneak (level 4, -2/45 HPs)
             Began as a Demonspawn Wanderer on Feb 21, 2023.
             Was a Believer of Fedhas.
             Slain by a gnoll
             ... wielding a +0 spear
              (4 damage)
             ... on level 3 of the Dungeon.
             The game lasted 00:14:48 (1514 turns).

DskReedErrur the Sneak (Demonspawn Wanderer)        Turns: 1514, Time: 00:14:48

Health: -2/45      AC: 22    Str: 11 (12) XL:     4   Next: 73%
Magic:  5/6        EV:  2    Int:  8 (10) God:    Fedhas [**....]
Gold:   114        SH:  0    Dex: 17 (20) Spells: 6/6 levels left

rFire   . . .      SeeInvis .    a - +2 dagger
rCold   . . .      Faith    .    (no shield)
rNeg    . . .      Spirit   .    (body armour currently unavailable)
rPois   +          Reflect  .    (helmet currently unavailable)
rElec   .          Harm     .    (cloak currently unavailable)
rCorr   .          Rampage  .    (gloves currently unavailable)
Will    .....      NoTele   +    (boots currently unavailable)
Stlth   +++                      (no amulet)
HPRegen 0.27/turn                (no ring)
MPRegen 0.10/turn                (no ring)

@: tree-form, hasted, very quick
A: stationary, stasis, torment immunity, boosted hp, thin skeletal structure 1,
demonic guardian 1
a: Renounce Religion, Wall of Briars


You were on level 3 of the Dungeon.
You worshipped Fedhas.
Fedhas was pleased with you.
You were a tree.
You visited 1 branch of the dungeon, and saw 3 of its levels.

You collected 114 gold pieces.

Inventory:

Hand Weapons
 a - a +2 dagger (weapon)
 c - a +0 sling
Missiles
 j - a boomerang (quivered)
Armour
 d - a +0 pair of gloves (melded)
 f - a +0 robe (melded)
 q - a +0 cloak (melded)
Scrolls
 e - a scroll of blinking
 m - a scroll of immolation
Potions
 b - a potion of haste
 g - 2 potions of flight


   Skills:
 - Level 1.4 Ranged Weapons
 - Level 2.1 Armour
 - Level 3.0 Dodging
 - Level 3.1 Stealth
 * Level 1.6 Spellcasting
 * Level 1.8 Summonings
 + Level 1.1 Air Magic
 - Level 2.0 Invocations


You had 6 spell levels left.
You didn't know any spells.
Your spell library contained the following spells:

 Spells                   Type           Power      Damage    Failure   Level
 Ignite Poison            Fire/Tmut/Pois 0%         N/A       75%         3
 Summon Lightning Spire   Summ/Air       3%         N/A       90%         4
 Airstrike                Air            1%         2d(1-17)  93%         4
 Sticky Flame             Conj/Fire      0%         2d3       98%         4
 Lightning Bolt           Conj/Air       0%         1d11      100%        5
 Summon Forest            Summ/Tloc      1%         N/A       100%        5
 Summon Mana Viper        Hex/Summ       2%         N/A       100%        5
 Yara's Violent Unravell  Hex/Tmut       0%         3d3       100%        5
 Summon Cactus Giant      Summ           1%         N/A       100%        6
 Enfeeble                 Hex            0%         N/A       100%        7
 Ignition                 Fire           0%         3d3       100%        8


Dungeon Overview and Level Annotations

Branches:
Dungeon (3/15)

Altars:
Fedhas

Shops:
D:1 *


Innate Abilities, Weirdness & Mutations

You are a tree.
Your roots penetrate the ground, keeping you stationary.
You cannot be teleported.
You are immune to unholy pain and torment.
Your maximum health is greatly increased.
Your equipment is partially melded.
You have a somewhat thin skeletal structure. (Dex +2, Stealth+)
A weak demonic guardian rushes to your aid.


Message History

Aim: a gnoll, wielding a +0 spear (ally target, 63% to hit)
You throw a boomerang.
The boomerang hits the gnoll but does no damage.
The gnoll hits you but does no damage.
Throw: boomerang
Press: ? - help, Q - select action, (/) - cycle Shift-Dir - straight line, f/p - gnoll
Aim: a gnoll, wielding a +0 spear (ally target, 63% to hit)
You throw a boomerang. The boomerang hits the gnoll.
The gnoll is moderately wounded.
The gnoll hits you from afar with a +0 spear.
* * * LOW HITPOINT WARNING * * *
A demonic guardian appears!
Throw: boomerang
Press: ? - help, Q - select action, (/) - cycle Shift-Dir - straight line, f/p - gnoll
Aim: a gnoll, wielding a +0 spear (moderately wounded, ally target, 63% to hit)
You throw a boomerang. The boomerang barely misses the gnoll.
The gnoll completely misses you. What are your orders? t - Creak!
Orders for allies: a - Attack new target. p - Attack previous target. r - Retreat! s - Stop attacking. g - Guard the area. f - Follow me.
Anything else - Cancel.
Gang up on whom?
Press: ? - help, Dir - move target, f/p - gnoll
Aim: a gnoll, wielding a +0 spear (moderately wounded, ally target)
Okay, then.
What are your orders? t - Creak!
Orders for allies: a - Attack new target. p - Attack previous target. r - Retreat! s - Stop attacking. g - Guard the area. f - Follow me.
Anything else - Cancel.
Retreat in which direction?
Press: ? - help, Dir - move target, p - gnoll Fall back!
Your white imp disappears in a puff of smoke!
The gnoll hits you from afar with a +0 spear.
You die...
Fedhas appreciates your contribution to the ecosystem.

#.#.########
#.#.##.....#
#.#.##.###.#########
#.#.##.# #.#<#.)...#
#.#.##.# #.#.#.###.#
####.#5##.# #.#.....#.#
#....#..#.###.#######.#
#.##....§..##.........#
#.##..P♣P..############
#.#####†###.... #...#
+.g.##### ##### #...#
+...# #####


You could see a gnoll and a friendly shadow imp (summoned).

Vanquished Creatures
  2 hounds (D:3)
  3 dart slugs
  6 endoplasms
  5 giant cockroaches
  4 goblins
  4 hobgoblins
  5 kobolds
  7 ball pythons
  6 bats
  3 frilled lizards
  7 rats
52 creatures vanquished.

Notes
Turn   | Place    | Note
-------+----------+-------------------------------------------
     0 | D:1      | DskReedErrur the Demonspawn Wanderer began the quest for
                  | the Orb.
     0 | D:1      | DskReedErrur set off with the following items: a +2 dagger,
                  | a potion of haste, a +0 sling, a +0 pair of gloves, a
                  | scroll of blinking, a +0 robe.
     0 | D:1      | Reached XP level 1. HP: 13/13 MP: 1/1
    56 | D:1      | Found Saett's Assorted Antiques.
   160 | D:1      | Gained mutation: You have a somewhat thin skeletal
                  | structure. (Dex +2, Stealth+) [demonic ancestry]
   160 | D:1      | Reached XP level 2. HP: 19/19 MP: 3/3
   468 | D:1      | Reached XP level 3. HP: 18/24 MP: 4/4
   686 | D:1      | Found a faded altar of an unknown god.
   694 | D:1      | Prayed at the altar of an unknown god.
   694 | D:1      | Became a worshipper of Fedhas Madash
   694 | D:1      | Reached * piety under Fedhas
  1214 | D:2      | Reached ** piety under Fedhas
  1408 | D:3      | Reached skill level 1 in Summonings
  1481 | D:3      | Reached skill level 1 in Spellcasting
  1481 | D:3      | Gained mutation: A weak demonic guardian rushes to your
                  | aid. [demonic ancestry]
  1481 | D:3      | Reached XP level 4. HP: 6/30 MP: 5/5
  1511 | D:3      | Reached skill level 1 in Air Magic
  1512 | D:3      | HP: 2/45 [gnoll/+0 spear (5)]
  1514 | D:3      | Slain by a gnoll

Illustrated notes

Levels and vault maps discovered:
D:1:      psy_arrival_spokes, layout_basic,
          shapermc_ecumenical_altar_notcrosses, serial_shops,
          nicolae_shop_crystal, minmay_small_reverse_x
D:2:      layout_rooms, minivault_5
D:3:      layout_basic, mainiacjoe_overflow_small_starburst, serial_shops,
          shop_statue, shop, shop_coins, cheibrodos_gnoll_hut

Skill      XL: |  1  2  3  4 |
---------------+-------------+-----
Armour         | 2 |  2.1
Invocations    | 2 |  2.0
Stealth        | 3 |  3.1
Dodging        | 3 |  3.0
Summonings     | 1 |  1.8
Spellcasting   | 1 |  1.6
Air Magic      | 1 |  1.1
Ranged Weapons | |  1.4

Action                     |  1- 3 |  4- 6 || total
---------------------------+-------+-------++-------
  Melee: Dagger            |   133 |    28 ||   161
         Punch             |     1 |     1 ||     2
  Throw: Boomerang         |     6 |     3 ||     9
    Use: Scroll            |     6 |       ||     6
         Potion            |     1 |     2 ||     3
   Stab: Sleeping          |    16 |       ||    16
 Armour: Robe              |    37 |       ||    37
         Skin              |     9 |    43 ||    52
  Dodge: Dodged            |   100 |     7 ||   107

Table legend: (Time is in decaauts)
 A = Elapsed time spent in this place.
 B = Non-inter-level travel time spent in this place.
 C = Inter-level travel time spent in this place.
 D = Time resting spent in this place.
 E = Time spent auto-exploring this place.
 F = Levels seen in this place.
 G = Mean time per level.
                   A        B        C        D        E       F      G
               +--------+--------+--------+--------+--------+-----+--------+
         Total |   1506 |   1452 |     54 |     52 |    892 |   3 |  502.0 |
       Dungeon |   1506 |   1452 |     54 |     52 |    892 |   3 |  502.0 |
               +--------+--------+--------+--------+--------+-----+--------+

Top non-repeatable levels by time:
     D:1: 793 daAuts
     D:2: 610 daAuts
     D:3: 102 daAuts
